 Dungeon Crawl Stone Soup version 0.25.0-11-g1f837a76a1 (webtiles) character file.

Game seed: 18184619632677357196

14822 Apogee the Grappler (level 11, -5/183 HPs)
             Began as a Troll Warper on June 27, 2020.
             Was a Priest of Makhleb.
             Slain by a spiny frog (11 damage)
             ... on level 2 of the Lair of Beasts.
             The game lasted 00:20:40 (11646 turns).

Apogee the Grappler (Troll Warper)                 Turns: 11646, Time: 00:20:41

Health: -5/183     AC: 25    Str: 24    XL:     11   Next: 93%
Magic:  16/16      EV:  1    Int:  9    God:    Makhleb [***...]
Gold:   703        SH:  9    Dex:  9    Spells: 14/18 levels left

rFire    . . .     SeeInvis .     - Unarmed
rCold    . . .     Gourm    +   D - +0 kite shield
rNeg     + + +     Faith    .   (armour currently unavailable)
rPois    +         Spirit   .   (helmet currently unavailable)
rElec    .         Reflect  .   (cloak currently unavailable)
rCorr    .         Harm     .   (gloves unavailable)
MR       .....     Clarity  +   (boots unavailable) Stlth +.........NoTele +
                                (no amulet)
HPRegen  0.80/turn              e - ring of positive energy
MPRegen  0.15/turn              (no ring)

@: lethally poisoned (-5 -> -7), tree-form, hasted, very quick
A: large, unfitting armour, clarity, fast metabolism 3, gourmand, regeneration
1, robust 1
a: Minor Destruction, Lesser Servant of Makhleb, Renounce Religion


You were on level 2 of the Lair of Beasts.
You worshipped Makhleb.
Makhleb was most pleased with you.
You were very full.
You were a tree.
You visited 3 branches of the dungeon, and saw 14 of its levels.
You also visited: Sewer.

You collected 703 gold pieces.

Inventory:

Missiles
 d - 5 boomerangs of dispersal (quivered)
 w - 32 poisoned darts
 E - 4 javelins
 O - 2 throwing nets
Armour
 a - a +0 robe (melded)
 k - a +0 cloak (melded)
 l - a +2 hat (melded)
 q - a +2 hat
 D - a +0 kite shield (worn)
Jewellery
 e - a ring of positive energy (left branch)
 s - an uncursed ring of magical power {unknown}
 v - a +6 ring of strength
 A - an uncursed ring of protection from magic
 H - an uncursed ring of protection from fire
 J - a +4 ring of slaying {unknown}
 K - a cursed ring of teleportation {unknown}
 M - an uncursed ring of wizardry {unknown}
 N - an uncursed ring of protection from magic
Wands
 m - a wand of random effects (13)
 y - a wand of iceblast (12)
 C - a wand of polymorph (13)
 F - a wand of enslavement (9)
 G - a wand of paralysis (3)
Scrolls
 c - 2 scrolls of blinking
 h - 3 scrolls of magic mapping
 i - a scroll of fear
 j - 5 scrolls of remove curse
 o - 4 scrolls of enchant weapon
 p - 3 scrolls of teleportation
 r - 8 scrolls of identify
 t - 2 scrolls of amnesia
 x - a scroll of enchant armour {unknown}
 B - 2 scrolls of fog {unknown}
 I - a scroll of noise {unknown}
 Q - a scroll of torment {unknown}
Potions
 b - 4 potions of mutation
 g - 11 potions of curing
 n - a potion of lignification
 u - 3 potions of brilliance
 z - a potion of flight
 L - 2 potions of resistance
 P - a potion of might
Comestibles
 f - 33 rations


   Skills:
 - Level 8.0 Fighting
 - Level 0.8 Throwing
 + Level 7.4 Dodging
 + Level 5.2 Shields
 - Level 10.0 Unarmed Combat
 - Level 4.0 Spellcasting
 - Level 3.0 Charms
 - Level 5.0 Translocations


You had 14 spell levels left.
You knew the following spells:

 Your Spells              Type           Power        Failure   Level  Hunger
a - Blink                 Tloc           N/A          12%         2    ###....
b - Shroud of Golubria    Chrm/Tloc      #.....       17%         2    ###....

Your spell library contained the following spells:

 Spells                   Type           Power        Failure   Level  Hunger
 Gell's Gravitas          Tloc           ##........   22%         3    ###....
 Lesser Beckoning         Tloc           ##........   22%         3    ###....
 Teleport Other           Tloc           ##......     22%         3    ###....
 Magic Dart               Conj           #...         52%         1    #......
 Passage of Golubria      Tloc           N/A          58%         4    #####..
 Call Imp                 Summ           #.......     65%         2    ###....
 Slow                     Hex            #.......     65%         2    ###....
 Confusing Touch          Hex            #.......     87%         3    ###....
 Conjure Flame            Conj/Fire      #.......     87%         3    ###....
 Mephitic Cloud           Conj/Pois/Air  #.......     87%         3    ###....
 Petrify                  Tmut/Erth      #.......     99%         4    #####..
 Metabolic Englaciation   Hex/Ice        #.........   100%        5    ######.
 Yara's Violent Unravell  Hex/Tmut       #.........   100%        5    ######.


Dungeon Overview and Level Annotations

Branches:
Dungeon (10/15)            Temple (1/1) D:7            Lair (3/6) D:8
    Orc (0/2) D:10          Sewer (visited)
  Swamp: Lair:2-4    Shoals: Lair:2-4     Snake: Lair:2-4    Spider: Lair:2-4

Altars:
Ashenzari
Cheibriados
Dithmenos
Elyvilon
Fedhas
Hepliaklqana
Kikubaaqudgha
Makhleb
Nemelex Xobeh
Okawaru
Qazlal
Ru
Sif Muna
Trog
Uskayaw
Vehumet
Wu Jian
Xom
Yredelemnul
Zin
The Shining One


Innate Abilities, Weirdness & Mutations

You are too large for most types of armour.
((You have claws for hands.))
Your metabolism is lightning-fast.
You like to eat raw meat.
Your natural rate of healing is unusually fast.
((You are covered in fur. (AC +1)))
((You have extremely tough skin. (AC +3)))
You possess an exceptional clarity of mind.
You are robust. (+10% HP)


Message History

You feel sick.
There is a stone staircase leading up here.
You feel sick. You block the spiny frog's attack. x2
You climb upwards.
You feel very sick.
There is a stone staircase leading down here.
You feel yourself speed up.
You feel sick. The spiny frog stings you!
* * * LOW HITPOINT WARNING * * *
The spiny frog misses you. The spiny frog closely misses you.
Really quaff the potion of lignification?
You turn into a tree.
Your +0 cloak melds into your body.
Your +2 hat melds into your body.
Your +0 robe melds into your body.
Your roots penetrate the ground.
You feel sick.
The spiny frog stings you but does no damage.
You hit the spiny frog but do no damage.
You feel sick. The spiny frog stings you!
* * * LOW HITPOINT WARNING * * *
The spiny frog stings you but does no damage.
You completely miss the spiny frog.
You feel sick. The spiny frog stings you!
You die...

#.)...# ##P#P#..##...P÷##
##.....## #####.#####PP..#
#.......##### #...# ##...#
...^...#.#..####### ##.##
##..## ..).........)(....##
### #...##
..<....##..#####..P# #P..##
........#### #...# ##....
.P####### #FF## #.... ..#
###### ##♣.######## #....
.## ##.##.###.....P.##.#
##..# .#
#..................# ##.#
.## ###..................##
#(.
.P###.....................#
#..
.......PP###.##..........###
#.# ......÷###
#####...........####..
........# #...............##
.......## #........####.#.#


You could see 2 spiny frogs.

Vanquished Creatures
  Harold (D:8)
  Erolcha (D:9)
  A black mamba (Lair:1)
  A komodo dragon (Lair:1)
  5 spiny frogs
  A polar bear (Lair:2)
  A hippogriff (Lair:1)
  A spriggan (Lair:2)
  A wyvern (D:10)
  3 hogs (D:8)
  A human (D:8)
  Eustachio (D:5)
  24 yaks
  4 water moccasins
  2 porcupines (Lair:2)
  A hornet zombie (D:8)
  7 orc warriors
  2 sky beasts
  2 black bears (Lair:2)
  A phantom (D:7)
  An ice beast (D:5)
  4 ogres
  8 wolves (Lair:2)
  5 centaurs
  6 crocodiles
  A big kobold (Sewer)
  8 bullfrogs
  5 scorpions
  5 howler monkeys
  3 wights (D:9)
  3 crimson imps
  A bullfrog zombie (D:8)
  6 jellies
  3 hounds
  A quasit (D:7)
  7 orc priests
  3 bullfrog skeletons
  Terence (D:2)
  12 orc wizards
  5 worker ants
  4 iguanas
  A killer bee zombie (D:9)
  A hound zombie (D:5)
  A howler monkey zombie (D:7)
  A hound skeleton (D:6)
  A howler monkey skeleton (D:4)
  11 gnolls
  10 adders
  2 river rats (Sewer)
  An adder skeleton (D:6)
  4 worms
  3 dart slugs
  7 leopard geckos
  44 orcs
  2 giant cockroaches
  6 goblins
  9 hobgoblins
  21 jackals
  6 quokkas
  A ball python (D:5)
  3 bats
  3 frilled lizards
  12 kobolds
  A leopard gecko skeleton (D:4)
  2 quokka skeletons
  9 rats
315 creatures vanquished.

Vanquished Creatures (others)
  14 fungi
  7 plants
21 creatures vanquished.

Grand Total: 336 creatures vanquished

Notes
Turn   | Place    | Note
-------+----------+-------------------------------------------
     0 | D:1      | Apogee the Troll Warper began the quest for the Orb.
     0 | D:1      | Reached XP level 1. HP: 19/19 MP: 1/1
   241 | D:1      | Reached XP level 2. HP: 22/28 MP: 2/2
   519 | D:2      | Reached skill level 3 in Unarmed Combat
   543 | D:2      | Reached XP level 3. HP: 29/35 MP: 3/3
   551 | D:2      | Learned a level 2 spell: Blink
   786 | D:2      | Reached XP level 4. HP: 35/42 MP: 4/4
   807 | D:2      | Found a blossoming altar of Fedhas.
   993 | D:2      | Reached skill level 4 in Unarmed Combat
   996 | D:2      | Gained mutation: You are robust. (+10% HP) [potion of
                  | mutation]
   996 | D:2      | Gained mutation: You possess an exceptional clarity of
                  | mind. [potion of mutation]
  1001 | D:2      | Noticed Terence
  1045 | D:2      | Killed Terence
  1051 | D:2      | Reached XP level 5. HP: 52/55 MP: 5/5
  1442 | D:3      | Reached skill level 5 in Unarmed Combat
  1716 | D:3      | Found a glowing drain.
  1790 | Sewer    | Entered a sewer
  1911 | Sewer    | Reached XP level 6. HP: 64/64 MP: 6/6
  1920 | Sewer    | Reached skill level 6 in Unarmed Combat
  1951 | Sewer    | Found a white marble altar of Elyvilon.
  2579 | D:4      | Reached skill level 7 in Unarmed Combat
  2696 | D:4      | Reached XP level 7. HP: 72/72 MP: 7/7
  2812 | D:4      | Found a shimmering blue altar of Sif Muna.
  3048 | D:4      | Reached skill level 8 in Unarmed Combat
  3153 | D:5      | Entered Level 5 of the Dungeon
  3471 | D:5      | Found a bloodstained altar of Trog.
  3611 | D:5      | Noticed Eustachio
  3633 | D:5      | Killed Eustachio
  3694 | D:5      | Reached XP level 8. HP: 80/86 MP: 8/8
  3783 | D:5      | Reached skill level 5 in Fighting
  3801 | D:5      | Found a shattered altar of Ashenzari.
  4330 | D:6      | Found an ornate altar of the Wu Jian Council.
  4435 | D:6      | Reached skill level 5 in Dodging
  4495 | D:6      | Found a hide-covered altar of Uskayaw.
  4495 | D:6      | Found a hazy altar of Hepliaklqana.
  4646 | D:7      | Reached XP level 9. HP: 93/96 MP: 9/9
  5125 | D:7      | Reached skill level 5 in Translocations
  5688 | D:7      | Found a staircase to the Ecumenical Temple.
  5699 | Temple   | Entered the Ecumenical Temple
  5752 | Temple   | Became a worshipper of Makhleb the Destroyer
  5896 | D:8      | Noticed Harold
  6015 | D:8      | Reached skill level 9 in Unarmed Combat
  6043 | D:8      | Reached skill level 10 in Unarmed Combat
  6320 | D:8      | Reached XP level 10. HP: 98/107 MP: 10/10
  6433 | D:7      | Reached * piety under Makhleb
  6676 | D:8      | Killed Harold
  7063 | D:8      | Found a staircase to the Lair.
  7229 | D:8      | Learned a level 2 spell: Shroud of Golubria
  7374 | D:9      | Reached skill level 1 in Charms
  7709 | D:9      | Found a radiant altar of Vehumet.
  7712 | D:9      | Found a sacrificial altar of Ru.
  7759 | D:9      | Reached ** piety under Makhleb
  7920 | D:9      | Reached XP level 11. HP: 100/122 MP: 14/14
  8197 | D:9      | Noticed Erolcha
  8201 | D:9      | Killed Erolcha
  8376 | D:10     | Entered Level 10 of the Dungeon
  8541 | D:10     | Reached skill level 1 in Shields
  8986 | D:10     | Found a staircase to the Orcish Mines.
  9172 | Lair:1   | Entered Level 1 of the Lair of Beasts
 11152 | Lair:2   | Reached *** piety under Makhleb
 11248 | Lair:2   | Reached skill level 5 in Shields
 11645 | Lair:2   | HP: 7/183 [spiny frog (12)]
 11646 | Lair:2   | Slain by a spiny frog

Illustrated notes

Levels and vault maps discovered:
D:1:      dpeg_arrival_stonehenge_8_columns, layout_rooms
D:2:      layout_loops_ring, fedhas_altar_4, uniq_terence
D:3:      layout_basic, first_ration, portal_sewer_entry_e,
          nicolae_underground_beach
D:4:      layout_gridville, lemuel_blue_sif_altar
D:5:      layout_gridville, bloody_trog, evilmike_ruin_ashenzari, uniq_eustachio
D:6:      layout_rooms, marbit_many_paths, nicolae_overflow_hidden_temple
D:7:      layout_basic, minmay_temple_entry_proselytizer
D:8:      layout_loops_ring, grunt_lair_entry_orc_guard_hut, grunt_livestock,
          uniq_harold
D:9:      lemuel_upstairs_altar, layout_long_grid, minitemple, uniq_erolcha
D:10:     layout_irregular_city, orc_0_dummy, abandoned_shop
Temple:   minmay_temple_bridge_abc
Lair:1:   layout_cave_pods, lemuel_fruit_tree
Lair:2:   layout_small_grid, forest_entry_grove
Lair:3:   layout_cave_pods, spider_nest_entry_rubble, beast_lair_carwin_9,
          uniq_sonja

Skill      XL: |  1  2  3  4  5  6  7  8  9 10 11 |
---------------+----------------------------------+-----
Fighting       | 2 4 5 6 8 |  8.0
Unarmed Combat | 3 4 5 7 8 10 | 10.0
Dodging        | 5 7 |  7.4
Translocations | 3 5 |  5.0
Charms         | 3 |  3.0
Spellcasting   | 3 4 |  4.0
Shields        | 5 |  5.2
Throwing       | |  0.8

Action                   |  1- 3 |  4- 6 |  7- 9 | 10-12 || total
-------------------------+-------+-------+-------+-------++-------
Melee: Unarmed           |   118 |   185 |   331 |   474 ||  1108
       Punch             |     1 |     4 |     8 |    11 ||    24
Evoke: Wand              |       |     2 |     1 |     3 ||     6
  Use: Potion            |       |     5 |       |    13 ||    18
       Scroll            |       |       |       |     9 ||     9
 Stab: Sleeping          |     1 |       |       |       ||     1
  Eat: Chunk             |    13 |    18 |    33 |    48 ||   112
Armor: Robe              |    50 |    72 |    96 |   108 ||   326
       Skin              |       |       |       |    11 ||    11
Dodge: Dodged            |    65 |   117 |   132 |   174 ||   488
Block: Kite shield       |       |       |       |    79 ||    79
